 Dungeon Crawl Stone Soup version 0.29.0-5-ge4962eb29e (webtiles) character file.

Game seed: 17279934812095446446

61849 inmateoo the Grappler (level 14, -8/136 HPs)
             Began as a Troll Earth Elementalist on Aug 30, 2022.
             Was a High Priest of Cheibriados.
             Mangled by an ogre mage
             ... wielding a +2 whip of flaming
              (12 damage)
             ... in a volcano.
             The game lasted 00:27:37 (17838 turns).

inmateoo the Grappler (Troll Earth Elementalist)   Turns: 17838, Time: 00:27:38

Health: -8/136     AC:  5    Str: 33    XL:     14   Next: 62%
Magic:  11/21      EV: 18    Int: 29    God:    Cheibriados [*****.]
Gold:   1585       SH:  0    Dex: 24    Spells: 2/24 levels left

rFire   + + +      SeeInvis .     - Unarmed
rCold   + + +      Faith    .   (no shield)
rNeg    . . .      Spirit   .   F - +0 troll leather armour
rPois   +          Reflect  .   (helmet restricted)
rElec   .          Harm     .   d - +2 cloak {rPois}
rCorr   .          Rampage  .   (gloves unavailable)
Will    +....                   (boots unavailable)
Stlth   ++........              N - amulet of the acrobat
HPRegen 1.92/turn               r - +4 ring of evasion
MPRegen 0.17/turn               o - ring of Leway {Wiz *Corrode *Slow rF+++ rC+++}

@: corroded, very slow
A: large, unfitting armour, claws 3, regeneration 1, shaggy fur 1, tough skin 1
a: Renounce Religion, Bend Time, Temporal Distortion, Slouch, Step From Time


You were in a volcano.
You worshipped Cheibriados.
Cheibriados was extremely pleased with you.
You visited 3 branches of the dungeon, and saw 19 of its levels.
You also visited: Sewer, Ice Cave and Volcano.

You collected 1757 gold pieces.
You spent 172 gold pieces at shops.

Inventory:

Missiles
 B - 6 throwing nets
Armour
 d - a +2 cloak of poison resistance (worn)
 e - a +0 kite shield
 F - a +0 troll leather armour (worn)
Jewellery
 k - a ring of flight
 o - the ring of Leway (right claw) {Wiz *Corrode *Slow rF+++ rC+++}
   (You acquired it on level 12 of the Dungeon)

   [ring of wizardry]

   It improves your spell success rate.
   rF:        It renders you almost immune to fire.
   rC:        It renders you almost immune to cold.
   *Corrode:  It may corrode you when you take damage.
   *Slow:     It may slow you when you take damage.
 r - a +4 ring of evasion (left claw)
 H - an amulet of guardian spirit
 M - the ring "Zew Nar" {Fire *Slow rElec Int+3 SInv Stlth+}
   (You acquired it in an ice cave)

   [ring of fire]

   It enhances your fire magic.
   Int:       It affects your intelligence (+3).
   rF:        It protects you from fire.
   rC:        It makes you vulnerable to cold.
   rElec:     It insulates you from electricity.
   SInv:      It lets you see invisible.
   *Slow:     It may slow you when you take damage.
   Stlth:     It makes you more stealthy.
 N - an amulet of the acrobat (around neck)
Wands
 a - a wand of charming (10)
 n - a wand of flame (10)
 s - a wand of iceblast (21)
 z - a wand of mindburst (9)
 A - a wand of digging (12)
 J - a wand of light (8)
 K - a wand of polymorph (6)
Scrolls
 h - 3 scrolls of enchant armour
 p - a scroll of amnesia
 v - a scroll of brand weapon
 w - a scroll of magic mapping
 x - a scroll of blinking
 y - 2 scrolls of teleportation
 C - 3 scrolls of butterflies
 D - 3 scrolls of poison
Potions
 b - 2 potions of magic
 c - 3 potions of flight
 f - 3 potions of might
 g - 9 potions of curing
 i - a potion of ambrosia
 j - 3 potions of heal wounds
 l - 2 potions of resistance
 m - 7 potions of brilliance
 q - 4 potions of mutation
 u - 2 potions of invisibility
 I - 3 potions of cancellation


   Skills:
 + Level 8.1 Fighting
 - Level 6.0 Dodging
 - Level 1.0 Stealth
 * Level 13.9 Unarmed Combat
 + Level 5.7 Spellcasting
 - Level 5.0 Necromancy
 + Level 3.2 Translocations
 + Level 5.7 Transmutations
 + Level 4.5 Air Magic
 + Level 9.0 Earth Magic
 + Level 6.0 Invocations


You had 2 spell levels left.
You knew the following spells:

 Your Spells              Type           Power      Damage    Failure   Level
a - Wereblood             Tmut           41%        N/A       1%          2
b - Borgnjor's Vile Clut  Necr/Erth      24%        N/A       4%          5
c - Sandblast             Erth           100%       2d20      1%          1
d - Passwall              Tmut/Erth      41%        N/A       1%          2
e - Storm Form            Tmut/Air       19%        N/A       92%         7
f - Manifold Assault      Tloc           27%        N/A       19%         5

Your spell library contained the following spells:

 Spells                   Type           Power      Damage    Failure   Level
 Apportation              Tloc           54%        N/A       1%          1
 Blink                    Tloc           54%        N/A       1%          2
 Sublimation of Blood     Necr           37%        N/A       1%          2
 Scorch                   Fire           16%        2d5       4%          2
 Gell's Gravitas          Tloc           27%        N/A       1%          3
 Lesser Beckoning         Tloc           27%        N/A       1%          3
 Stone Arrow              Conj/Erth      68%        3d11      1%          3
 Teleport Other           Tloc           27%        N/A       1%          3
 Petrify                  Tmut/Erth      50%        N/A       1%          4
 Lee's Rapid Deconstruct  Erth           28%        3d16*     1%          5
 Ignite Poison            Fire/Tmut/Pois 19%        N/A       3%          3
 Animate Dead             Necr           37%        N/A       3%          4
 Mephitic Cloud           Conj/Pois/Air  17%        N/A       4%          3
 Dazzling Flash           Conj/Hex       16%        N/A       8%          3
 Iskenderun's Mystic Bla  Conj/Tloc      17%        2d5       13%         4
 Alistair's Intoxication  Tmut/Pois      16%        N/A       22%         5
 Flame Wave               Conj/Fire      8%         2d5       26%         4
 Fulminant Prism          Conj/Hex       4%         3d6       26%         4
 Summon Ice Beast         Ice/Summ       8%         N/A       26%         4
 Freezing Cloud           Conj/Ice/Air   8%         6-21      34%         5
 Death Channel            Necr           18%        N/A       43%         6
 Summon Mana Viper        Hex/Summ       8%         N/A       54%         5
 Eringya's Noxious Bog    Tmut/Pois      12%        N/A       73%         6
 Starburst                Conj/Fire      4%         6d3       98%         6
 Summon Cactus Giant      Summ           4%         N/A       98%         6
 Monstrous Menagerie      Summ           4%         N/A       100%        7
 Summon Hydra             Summ           4%         N/A       100%        7


Dungeon Overview and Level Annotations

Branches:
Dungeon (14/15)            Temple (1/1) D:6            Lair (4/5) D:8
 Shoals (0/4) Lair:2       Spider (0/4) Lair:3        Slime (0/5) Lair:4
    Orc (0/2) D:9           Sewer (visited)           IceCv (visited)
Volcano (1/1)
 Vaults: D:13-14

Altars:
Ashenzari
Cheibriados
Elyvilon
Nemelex Xobeh
Qazlal
Sif Muna
Trog
Vehumet
Wu Jian
Xom
Zin

Shops:
D:5 *

Annotations:
D:7 2 transporters, zkyp's ghost, novice KoCK


Innate Abilities, Weirdness & Mutations

You are too large for most types of armour.
You have claws for hands.
Your natural rate of healing is unusually fast.
You are covered in fur. (AC +1)
You have tough skin. (AC +1)


Message History

The ogre mage completely misses you.
The two-headed ogre completely misses you.
The two-headed ogre hits you with a +0 giant club of flaming!!
The two-headed ogre misses you.
The two-headed ogre completely misses you.
There is an open door, spattered with blood here.
You barely miss the two-headed ogre.
The ogre mage hits you but does no damage.
The two-headed ogre hits you with a +0 giant club of flaming!!
The two-headed ogre hits you with a +0 giant club of flaming!
The two-headed ogre burns you.
Unknown command.
Activating: Slouch (12% risk of failure)
Press: ? - help, Dir - look around, f - activate You can feel time thicken for a moment.
The two-headed ogre barely misses you.
The two-headed ogre hits you with a +0 giant club of flaming!
The two-headed ogre closely misses you. The two-headed ogre misses you.
Activating: Slouch (12% risk of failure)
Press: ? - help, Dir - look around, f - activate You can feel time thicken for a moment.
You kill the two-headed ogre!
Cheibriados thoroughly appreciates the change of pace.
You destroy the molten gargoyle!
Cheibriados thoroughly appreciates the change of pace.
Cheibriados lowers the support of your attributes as your movement quickens.
The two-headed ogre hits you with a +1 great mace of flaming!!
* * * LOW HITPOINT WARNING * * *
The two-headed ogre burns you.
* * * LOW HITPOINT WARNING * * *
Your corrosive artefact corrodes you!
The two-headed ogre barely misses you.
You mangle the two-headed ogre!!
You kill the two-headed ogre!
Cheibriados appreciates the change of pace.
The ogre mage points at you and mumbles some strange words.
The bolt of magma hits you!! You partially resist.
* * * LOW HITPOINT WARNING * * *
You barely miss the ogre mage.
The ogre mage is heavily wounded.
The ogre mage hits you with a +2 whip of flaming!
You die...

#.....≈≈........##
##.............##
##.......##8.8#
##......###.##
##....## #.#
###### ##'########
#...##....##
+.∩.)).....#
#)@.#.⌠..8.#
##O##......#
#..)##....##
#...###8###
+._.#)![#
#...+$$[.
##.####### ###


You could see an ogre mage.

Vanquished Creatures
  A reaper (IceCv)
  Harold (D:9)
  3 centaur warriors
  7 hydras
  6 two-headed ogres
  4 boulder beetles
  5 death yaks
  A tengu warrior (D:11)
  A hell knight (Volcano)
  Nergalle (D:12)
  Amaemon (D:8)
  4 lindwurms (Lair:2)
  2 orc knights (D:10)
  2 deep elf pyromancers
  A manticore (D:11)
  5 ugly things
  4 cyclopes
  5 elephants (Lair:1)
  Joseph (D:10)
  2 merfolk sirens (Lair:2)
  A molten gargoyle (Volcano)
  A black mamba (Lair:1)
  4 gargoyles
  A torpor snail (Lair:4)
  An orange demon (D:8)
  An ice statue (IceCv)
  An unseen horror (D:9)
  8 cane toads
  6 komodo dragons
  3 rime drakes
  An efreet (D:11)
  2 anaconda simulacra (IceCv)
  A freezing wraith (IceCv)
  3 ice devils
  2 tengu conjurers (D:13)
  4 trolls
  A polar bear (Lair:3)
  9 blink frogs
  3 hornets
  Prince Ribbit (D:6)
  4 dream sheep (Lair:4)
  3 slime creatures (D:13)
  3 shadows
  A vampire (D:9)
  A dire elephant simulacrum (IceCv)
  2 wyverns
  A culicivora (Lair:3)
  7 wraiths
  A basilisk (D:10)
  7 fire bats (Volcano)
  39 yaks
  A golden eye (shapeshifter) (D:14)
  2 steam dragons
  13 vampire mosquitoes
  A harpy simulacrum (IceCv)
  2 acid dragons
  5 water moccasins
  A sky beast (D:7)
  A swamp drake (D:9)
  A black bear (D:5)
  2 ice beasts
  3 orc warriors
  2 ogres
  10 wolves
  3 centaurs
  3 phantoms
  2 kobold brigands
  4 gnoll sergeants
  10 bullfrogs
  5 two-headed ogre simulacra (IceCv)
  3 cane toad simulacra (IceCv)
  2 necrophages
  6 scorpions
  5 wights (D:10)
  11 killer bees
  3 howler monkeys
  4 electric eels
  6 lava snakes (Volcano)
  9 orc priests
  Crazy Yiuf (D:3)
  2 hounds (D:6)
  20 orc wizards
  3 iguanas
  A polar bear simulacrum (IceCv)
  7 troll simulacra (IceCv)
  4 wolf simulacra (IceCv)
  4 spriggan simulacra (IceCv)
  27 gnolls
  11 adders
  7 naga simulacra (IceCv)
  9 river rats (Sewer)
  9 white imps
  8 ufetubi
  3 worms
  11 dart slugs
  38 orcs
  8 bats
  8 endoplasms
  A giant cockroach (D:2)
  12 goblins
  7 hobgoblins
  3 jackals (D:3)
  A quokka (D:1)
  16 ball pythons
  5 frilled lizards
  11 kobolds
  24 rats
561 creatures vanquished.

Vanquished Creatures (collateral kills)
  A gargoyle (D:11)
1 creature vanquished.

Vanquished Creatures (others)
  An orc wizard (D:11)
  8 fungi
  31 plants
40 creatures vanquished.

Grand Total: 602 creatures vanquished

Notes
Turn   | Place    | Note
-------+----------+-------------------------------------------
     0 | D:1      | inmateoo the Troll Earth Elementalist began the quest for
                  | the Orb.
     0 | D:1      | Reached XP level 1. HP: 16/16 MP: 1/1
   117 | D:1      | Reached XP level 2. HP: 24/24 MP: 2/2
   169 | D:1      | Reached skill level 1 in Unarmed Combat
   862 | D:2      | Reached skill level 1 in Transmutations
   914 | D:2      | Reached XP level 3. HP: 32/32 MP: 4/4
   933 | D:2      | Learned a level 2 spell: Passwall
  1524 | D:3      | Reached skill level 2 in Unarmed Combat
  1568 | D:3      | Reached XP level 4. HP: 40/40 MP: 5/5
  1816 | D:3      | Reached skill level 1 in Fighting
  1816 | D:3      | Reached XP level 5. HP: 44/48 MP: 6/6
  1892 | D:3      | Learned a level 2 spell: Wereblood
  1895 | D:3      | Found a faded altar of an unknown god.
  2019 | D:3      | Found a runed translucent door.
  2020 | D:3      | Noticed Crazy Yiuf
  2171 | D:3      | Killed Crazy Yiuf
  2449 | D:4      | Identified the +0 chain mail of Vixuhug {Slay+2}
  2545 | D:4      | Reached skill level 3 in Unarmed Combat
  2637 | D:4      | Reached XP level 6. HP: 46/55 MP: 7/7
  3333 | D:5      | Entered Level 5 of the Dungeon
  3346 | D:5      | Found Imomubod's Assorted Antiques.
  3352 | D:5      | Bought a scroll labelled NINTOB COEBE for 25 gold pieces
  3352 | D:5      | Bought a dented beryl amulet for 125 gold pieces
  3352 | D:5      | Bought a metallic amethyst potion for 22 gold pieces
  3459 | D:5      | Found a glowing drain.
  3465 | D:5      | Reached skill level 4 in Unarmed Combat
  3501 | Sewer    | Entered a sewer
  3637 | Sewer    | Reached XP level 7. HP: 35/65 MP: 7/9
  4085 | D:5      | Found an ornate altar of the Wu Jian Council.
  4168 | D:5      | Reached skill level 5 in Unarmed Combat
  4472 | D:5      | Reached XP level 8. HP: 73/74 MP: 9/11
  4919 | D:6      | Found a staircase to the Ecumenical Temple.
  4926 | Temple   | Entered the Ecumenical Temple
  4933 | Temple   | Became a worshipper of Cheibriados the Contemplative
  5117 | D:6      | Reached skill level 6 in Unarmed Combat
  5125 | D:6      | Reached skill level 1 in Invocations
  5220 | D:6      | Noticed Prince Ribbit
  5233 | D:6      | Killed Prince Ribbit
  5234 | D:6      | Reached skill level 5 in Earth Magic
  5893 | D:7      | Reached * piety under Cheibriados
  5919 | D:7      | Reached XP level 9. HP: 73/84 MP: 12/12
  5925 | D:7      | Learned a level 5 spell: Borgnjor's Vile Clutch
  5955 | D:7      | Reached skill level 7 in Unarmed Combat
  6366 | D:7      | Reached skill level 1 in Necromancy
  6398 | D:7      | Found a transporter.
  6399 | D:7      | Noticed zkyp's ghost (novice KoCK)
  6414 | D:7      | Found a transporter.
  6774 | D:8      | Reached skill level 8 in Unarmed Combat
  7006 | D:8      | Found a stormy altar of Qazlal.
  7036 | D:8      | Noticed Amaemon
  7036 | D:8      | Noticed an orange demon
  7044 | D:8      | Killed an orange demon
  7045 | D:8      | Reached XP level 10. HP: 94/94 MP: 14/14
  7050 | D:8      | Killed Amaemon
  7054 | D:8      | Found a staircase to the Lair.
  7427 | D:8      | Reached ** piety under Cheibriados
  7542 | D:8      | Found a radiant altar of Vehumet.
  7881 | D:9      | Noticed Harold
  7894 | D:9      | Killed Harold
  7895 | D:9      | Reached skill level 5 in Fighting
  7895 | D:9      | Reached skill level 9 in Unarmed Combat
  8184 | D:9      | Reached *** piety under Cheibriados
  8248 | D:9      | Found a glowing silver altar of Zin.
  8897 | D:9      | Found a staircase to the Orcish Mines.
  9154 | D:10     | Entered Level 10 of the Dungeon
  9188 | D:10     | Noticed a two-headed ogre
  9196 | D:10     | Killed a two-headed ogre
  9197 | D:10     | Reached XP level 11. HP: 69/104 MP: 16/16
  9248 | D:10     | Reached **** piety under Cheibriados
  9249 | D:10     | Reached skill level 5 in Invocations
  9296 | D:10     | Noticed Joseph
  9305 | D:10     | Killed Joseph
  9400 | D:10     | Noticed a two-headed ogre
  9408 | D:10     | Killed a two-headed ogre
  9409 | D:10     | Reached skill level 10 in Unarmed Combat
  9695 | D:10     | Learned a level 7 spell: Storm Form
  9940 | D:11     | Noticed a two-headed ogre
  9981 | D:10     | Killed a two-headed ogre
 10054 | D:11     | Noticed an orc knight
 10068 | D:10     | Killed an orc knight
 10143 | D:11     | Noticed a white ugly thing
 10262 | D:11     | Reached skill level 1 in Air Magic
 10281 | D:10     | Killed a green ugly thing
 10444 | D:11     | Noticed a deep elf pyromancer
 10470 | D:11     | Killed a deep elf pyromancer
 10475 | D:11     | Noticed a four-headed hydra
 10482 | D:11     | Killed a four-headed hydra
 10502 | D:11     | Reached skill level 5 in Dodging
 10527 | D:11     | Noticed a tengu warrior
 10535 | D:11     | Killed a tengu warrior
 10536 | D:11     | Reached XP level 12. HP: 98/114 MP: 8/18
 10626 | D:11     | Noticed a centaur warrior
 10635 | D:11     | Killed a centaur warrior
 10636 | D:11     | Reached skill level 11 in Unarmed Combat
 10661 | D:11     | Noticed a boulder beetle
 10851 | D:11     | Killed a boulder beetle
 10932 | D:11     | Reached ***** piety under Cheibriados
 11011 | D:11     | Noticed a boulder beetle
 11018 | D:11     | Killed a boulder beetle
 11047 | D:11     | Reached skill level 5 in Spellcasting
 11174 | D:11     | Found a sparkling altar of Nemelex Xobeh.
 11197 | D:11     | Identified the +10 dagger "Fari" {vamp, rF- MP+9 Int+4
                  | Stlth+}
 11460 | D:11     | Found a white marble altar of Elyvilon.
 11461 | D:11     | Found a radiant altar of Vehumet.
 11593 | D:12     | Noticed a boulder beetle
 11622 | D:11     | Killed a boulder beetle
 11833 | D:12     | Noticed Nergalle
 11846 | D:12     | Killed Nergalle
 11847 | D:12     | Reached skill level 5 in Necromancy
 11857 | D:12     | Identified a scroll of acquirement
 11857 | D:12     | Acquired the ring of Leway {Wiz *Corrode *Slow rF+++ rC+++}
 12056 | D:12     | Reached skill level 12 in Unarmed Combat
 12364 | D:13     | Reached XP level 13. HP: 110/124 MP: 15/19
 13518 | D:14     | Learned a level 5 spell: Manifold Assault
 13860 | Lair:1   | Entered Level 1 of the Lair of Beasts
 13944 | Lair:1   | Reached ****** piety under Cheibriados
 14015 | Lair:1   | Found a frozen archway.
 14048 | IceCv    | Entered an ice cave
 14365 | IceCv    | Reached skill level 1 in Translocations
 14536 | IceCv    | Noticed a reaper
 14559 | IceCv    | HP: 7/186 [reaper/+0 scythe of freezing (34)]
 14562 | IceCv    | Killed a reaper
 14874 | IceCv    | Acquired the ring "Zew Nar" {Fire *Slow rElec Int+3 SInv
                  | Stlth+}
 15042 | Lair:1   | You fall into a shaft and drop 1 floor!
 15339 | Lair:1   | Reached skill level 13 in Unarmed Combat
 15479 | Lair:1   | Reached skill level 5 in Transmutations
 16139 | Lair:2   | Found a staircase to the Shoals.
 16162 | Lair:2   | Reached XP level 14. HP: 135/135 MP: 21/21
 16589 | Lair:3   | Found a hole to the Spider Nest.
 17591 | Lair:4   | Found a dark tunnel.
 17599 | Volcano  | Entered a volcano
 17831 | Volcano  | Found a burning altar of Makhleb.
 17837 | Volcano  | HP: 2/136 [ogre mage/bolt of magma (21)]
 17838 | Volcano  | Mangled by an ogre mage

Illustrated notes

Levels and vault maps discovered:
D:1:      scummos_arrival_gate, layout_basic
D:2:      layout_basic, st_stairs_3, roderic_serpentine_path, serial_park_tiny_1
D:3:      kennysheep_slugbush, layout_basic, ebering_ecumenical_altar_hall,
          uniq_crazy_yiuf_cottage
D:4:      layout_loops_corners, small_statue_intersection, grunt_ministairs_11
D:5:      layout_basic, nzn_wu_jian_contemplation, serial_curves,
          eino_curves_02, eino_curves_02, cheibrodos_sewer_entry_drain,
          serial_shops, nicolae_shop_advertising_works
          [nicolae_subvault_shop_adworks]
D:6:      layout_cave_pods, temple_fountains, uniq_prince_ribbit1
D:7:      kb_forest_paths, layout_basic, gammafunk_ghost_berserking_beasts
D:8:      layout_basic, nicolae_vehumet_altar_sigil, grunt_qazlal_sundering,
          lair_entry_dummy, uniq_amaemon
D:9:      layout_roguey, mainiacjoe_overflow_six_doors_small, erik_orc_1,
          serial_bayou_lagoon_a, nicolae_elevator_lobby_asterisk, uniq_harold
D:10:     layout_basic, uniq_joseph
D:11:     minmay_the_grid_octo_tiled_octocenter
          [minmay_the_grid_octo_vomiting_pacman, minmay_the_grid_octo_clover_2,
          minmay_the_grid_octo_checkerflower, minmay_the_grid_octo_odd_swirl,
          minmay_the_grid_octo_prize_square_snowflake,
          minmay_the_grid_square_5x5_hourglass,
          minmay_the_grid_square_5x5_bracketed,
          minmay_the_grid_square_5x5_one_wall,
          minmay_the_grid_square_5x5_checkered], layout_irregular_city
D:12:     layout_cross, uniq_nergalle
D:13:     layout_basic, drop_trap
D:14:     layout_rooms, skrybe_vaults_entry_preservation,
          chequers_serial_rivers_small_3, small_statue_alley_a,
          nicolae_alphabet_shops, minmay_liquid_box, uniq_louise
Temple:   regret_index_temple_chain_breaker
Lair:1:   layout_hall_layers, portal_ice_cave_demonic_guard,
          beast_lair_carwin_10, infiniplex_staircase_pool_2, grunt_megastairs_2
Lair:2:   layout_loops_ring, elwin_shoals_entry_rooms, minmay_stone_trees_small,
          minmay_lindwurm_lava, lemuel_fruit_fields, infiniplex_staircase_pool,
          lemuel_fruit_tree
Lair:3:   layout_cave_shapes, spider_nest_entry_rubble
Lair:4:   layout_loops_ring, slime_entry_1, nicolae_volcano_entry_hallway,
          grunt_megastairs_1
Volcano:  volcano_grotto [vgs_many_chambers]

Skill      XL: |  1  2  3  4  5  6  7  8  9 10 11 12 13 14 |
---------------+-------------------------------------------+-----
Unarmed Combat | 1 2 3 4 5 6 8 9 10 12 13 | 13.9
Transmutations | 1 2 4 5 |  5.7
Earth Magic    | 3 4 5 6 7 8 9 |  9.0
Dodging        | 2 3 4 5 6 |  6.0
Fighting       | 1 2 3 4 5 6 7 8 |  8.1
Spellcasting   | 2 3 4 5 |  5.7
Invocations    | 2 3 4 5 6 |  6.0
Necromancy     | 2 3 4 5 |  5.0
Air Magic      | 1 2 4 |  4.5
Translocations | 2 3 |  3.2
Stealth        | |  1.0

Action                   |  1- 3 |  4- 6 |  7- 9 | 10-12 | 13-15 || total
-------------------------+-------+-------+-------+-------+-------++-------
Melee: Unarmed           |   124 |   236 |   321 |   622 |   538 ||  1841
       Punch             |     1 |     4 |     9 |    48 |    45 ||   107
 Cast: Wereblood         |       |     2 |    21 |     7 |    14 ||    44
       Borgnjor's Vile C |       |       |       |     1 |     8 ||     9
Invok: Slouch            |       |       |       |     1 |     5 ||     6
Evoke: Wand              |       |       |     4 |     6 |     4 ||    14
  Use: Scroll            |     5 |     7 |     6 |    11 |     8 ||    37
       Potion            |       |     1 |       |     2 |     9 ||    12
 Stab: Sleeping          |     4 |     2 |     1 |     1 |     7 ||    15
Armor: Robe              |    57 |    91 |   171 |    19 |       ||   338
       Troll leather arm |       |       |       |   149 |   117 ||   266
       Skin              |       |       |       |    11 |    16 ||    27
Dodge: Dodged            |    55 |   127 |   222 |   625 |   589 ||  1618
